 Dungeon Crawl Stone Soup version 0.26.0-16-gc1dbca0489 (webtiles) character file.

Game seed: 14017832149089112958

24469 112233 the Geomancer (level 13, 0/90 HPs)
             Began as an Octopode Earth Elementalist on Jan 20, 2021.
             Was an Initiate of Gozag.
             Slain by a komodo dragon (32 damage)
             ... on level 2 of the Lair of Beasts.
             The game lasted 00:21:37 (24564 turns).

112233 the Geomancer (Octopode Earth Elementalist) Turns: 24564, Time: 00:21:38

Health: 0/90       AC:  1    Str: 12    XL:     13   Next: 13%
Magic:  17/26      EV: 21    Int: 28    God:    Gozag
Gold:   1498       SH:  5    Dex: 20    Spells: 8/31 levels left

rFire    . . .     SeeInvis +   E - +4 rapier "Dilepl Coni" {venom, *Drain Str+5 Int+7}
rCold    . . .     Faith    .   (no shield)
rNeg     . . .     Spirit   .   (helmet restricted)
rPois    .         Reflect  +   q - amulet of reflection
rElec    .         Harm     .   C - +6 ring of dexterity
rCorr    .         Rampage  .   v - ring of see invisible
Will     .....                  (no ring)
Stlth    +++.......             (no ring)
HPRegen  0.25/turn              (no ring)
MPRegen  0.20/turn              (no ring)
                                (no ring)
                                (no ring)

@: no status effects
A: almost no armour, stealthy swim, amphibious, 8 rings, constrict 8, camouflage
1, gelatinous body 1
a: Renounce Religion, Potion Petition, Call Merchant, Bribe Branch


You were on level 2 of the Lair of Beasts.
You worshipped Gozag.
Gozag was most pleased with you.
You visited 4 branches of the dungeon, and saw 17 of its levels.

You collected 3562 gold pieces.
You spent 1213 gold pieces at shops.
You paid 851 gold pieces to Gozag.

Inventory:

Hand Weapons
 a - a +0 club
 h - a +0 dagger of electrocution
 A - a +1 vampiric spear
 E - the +4 rapier "Dilepl Coni" (weapon) {venom, *Drain Str+5 Int+7}
   (You found it on level 6 of the Dungeon)

   It poisons the flesh of those it strikes.
   It affects your strength (+5).
   It affects your intelligence (+7).
   It causes draining when unequipped.
 W - the cursed +3 trident "Piroke Hugau" {freeze, Will+ Str+6 Int+3 Dex-4, unknown}
   (You found it on level 1 of the Lair of Beasts)

   It has been specially enchanted to freeze those struck by it, causing extra
   injury to most foes and up to half again as much damage against particularly
   susceptible opponents.
   It can also slow down cold-blooded creatures.
   It affects your strength (+6).
   It affects your intelligence (+3).
   It affects your dexterity (-4).
   It affects your willpower, your defense against some magical effects.
   It has a curse placed upon it.
Missiles
 b - 245 stones
 f - 38 poisoned darts
 u - 4 throwing nets {!f}
Armour
 s - a +0 tower shield
Jewellery
 q - an amulet of reflection (around mantle)
 v - a ring of see invisible (right tentacle)
 C - a +6 ring of dexterity (left tentacle)
 S - a cursed ring of teleportation {unknown}
 T - an uncursed amulet of faith {unknown}
Wands
 y - a wand of random effects (69)
 G - a wand of iceblast (4)
 I - a wand of paralysis (13)
 L - a wand of digging (2)
 N - a wand of flame (29)
 V - a wand of disintegration (18)
 X - a wand of polymorph (13)
 Y - a wand of acid (5)
Scrolls
 d - 4 scrolls of remove curse {@r2}
 e - a scroll of holy word
 g - a scroll of brand weapon {unknown}
 i - 3 scrolls of magic mapping
 k - 2 scrolls of immolation
 n - 2 scrolls of enchant weapon
 p - a scroll of teleportation {@r3}
 t - a scroll of blinking {unknown}
 w - 2 scrolls of noise {unknown}
 B - 5 scrolls of amnesia {unknown}
 D - 2 scrolls of fear
 J - 3 scrolls of torment {unknown}
 K - 8 scrolls of identify {@r1}
 M - 3 scrolls of enchant armour {unknown}
 U - a scroll of random uselessness {unknown}
Potions
 c - 6 potions of flight
 j - 5 potions of attraction
 l - 3 potions of ambrosia {unknown}
 m - 12 potions of curing {@q1}
 o - a potion of berserk rage {unknown}
 r - 4 potions of heal wounds
 x - 3 potions of mutation
 z - 2 potions of degeneration {unknown}
 F - 4 potions of might {unknown}
 H - a potion of lignification
 O - a potion of magic
 P - a potion of resistance
 Q - a potion of brilliance
 Z - 2 potions of haste {unknown}
Miscellaneous
 R - a condenser vane


   Skills:
 + Level 9.4 Fighting
 + Level 10.1 Dodging
 - Level 2.6 Stealth
 * Level 9.9 Spellcasting
 * Level 5.2 Transmutations
 - Level 12.7 Earth Magic


You had 8 spell levels left.
You knew the following spells:

 Your Spells              Type           Power        Failure   Level
a - Sandblast             Erth           100%         1%          1
b - Stone Arrow           Conj/Erth      98%          1%          3
c - Lee's Rapid Deconstr  Erth           35%          1%          5
d - Passwall              Tmut/Erth      49%          1%          2
e - Petrify               Tmut/Erth      59%          1%          4
f - Blink                 Tloc           N/A          6%          2
g - Statue Form           Tmut/Erth      39%          16%         6

Your spell library contained the following spells:

 Spells                   Type           Power        Failure   Level
 Corona                   Hex            14%          4%          1
 Foxfire                  Conj/Fire      52%          4%          1
 Magic Dart               Conj           52%          4%          1
 Call Imp                 Summ           13%          6%          2
 Ensorcelled Hibernation  Hex/Ice        26%          6%          2
 Slow                     Hex            13%          6%          2
 Confusing Touch          Hex            13%          12%         3
 Conjure Flame            Conj/Fire      13%          12%         3
 Dazzling Flash           Conj/Hex       26%          12%         3
 Inner Flame              Hex/Fire       13%          12%         3
 Mephitic Cloud           Conj/Pois/Air  13%          12%         3
 Tukima's Dance           Hex            13%          12%         3
 Irradiate                Conj/Tmut      14%          36%         5
 Sticky Flame             Conj/Fire      13%          38%         4
 Hydra Form               Tmut           21%          58%         6
 Fireball                 Conj/Fire      6%           75%         5
 Dragon Form              Tmut           21%          99%         7


Dungeon Overview and Level Annotations

Branches:
Dungeon (11/15)            Temple (1/1) D:7            Lair (3/6) D:8
    Orc (2/2) D:10            Elf (0/3) Orc:2
  Swamp: Lair:2-4    Shoals: Lair:2-4     Snake: Lair:2-4    Spider: Lair:2-4

Altars:
Ashenzari
Dithmenos
Fedhas
Gozag
Kikubaaqudgha
Makhleb
Nemelex Xobeh
Okawaru
Qazlal
Ru
Sif Muna
Trog
Uskayaw
Vehumet
Xom
Yredelemnul
Zin
The Shining One
Beogh

Shops:
D:4 [   D:8 :   Orc:2 ::*!

Annotations:
D:5 1 runed translucent door, Crazy Yiuf
D:6 exclusion: downstairs
Lair:3 Rupert
Orc:2 3 runed translucent doors, jeanjacques's ghost, journeyman DDFi


Innate Abilities, Weirdness & Mutations

You cannot wear most types of armour.
You are very stealthy in the water. (Stealth+)
You are amphibious.
You can wear up to eight rings at the same time.
You can use your tentacles to constrict eight enemies at once.
Your skin changes colour to match your surroundings (Stealth+).
Your rubbery body absorbs attacks. (AC +1, EV +1)


Message History

A komodo dragon is nearby!
A komodo dragon is nearby!
A komodo dragon is nearby!
A komodo dragon is nearby!
Casting: Sandblast (safe; 1% risk of failure)
Aiming: Stone Arrow (safe; 1% risk of failure)
Aim: a komodo dragon (18% to evade)
The stone arrow hits the komodo dragon!
The komodo dragon bites you!!
Casting: Stone Arrow (safe; 1% risk of failure)
Aiming: Stone Arrow (safe; 1% risk of failure)
Aim: a komodo dragon (moderately wounded, 18% to evade)
The stone arrow hits the komodo dragon!!
The komodo dragon barely misses you.
Casting: Stone Arrow (safe; 1% risk of failure)
Aiming: Stone Arrow (safe; 1% risk of failure)
Aim: a komodo dragon (severely wounded, 18% to evade)
The stone arrow misses the komodo dragon.
The komodo dragon bites you!!
You die...
Your body crumbles into a pile of gold.

............... ..[
................ ..
.........#+...P. . #.
.#.#............ ..
##.##.####...........
...#.......##...........
...........##...........
........l...#...........
....#.@#####....#......
..P#..P..##............
..................###..
$
........................
#######P...########.####
####.# ### # ###


You could see a komodo dragon.

Vanquished Creatures
  A hydra (Lair:2)
  Harold (D:7)
  Erica (D:8)
  A two-headed ogre (Orc:1)
  8 orc high priests (Orc:2)
  Pikel (D:4)
  A lindwurm (Lair:2)
  An orc knight (D:10)
  2 cane toads
  A kobold demonologist (D:8)
  5 komodo dragons
  A troll (D:9)
  7 blink frogs
  10 yaks
  A shadow (D:11)
  2 wyverns
  Grum (D:9)
  A basilisk (Lair:1)
  Menkaure (D:4)
  4 wargs (Orc:2)
  5 water moccasins
  13 orc warriors
  2 sky beasts
  3 ice beasts
  3 black bears
  2 phantoms
  7 ogres
  A boggart (D:5)
  7 wolves
  A necrophage (D:9)
  7 centaurs
  3 lemures
  10 big kobolds
  Blork the orc (D:4)
  9 bullfrogs
  A water moccasin skeleton (D:5)
  9 scorpions
  9 wights
  8 howler monkeys
  3 electric eels (Lair:1)
  2 centaur zombies
  A bullfrog skeleton (D:9)
  28 orc priests
  3 jellies
  3 hounds
  10 orc wizards
  Jessica (D:2)
  Terence (D:2)
  2 iguanas
  Natasha (thrice) (D:2)
  7 worker ants
  Robin (D:2)
  A worker ant zombie (D:6)
  13 adders
  3 gnolls (D:7)
  4 shadow imps
  4 white imps
  2 ufetubi
  An ooze (D:1)
  An adder skeleton (D:4)
  4 worms
  A dart slug (D:3)
  9 leopard geckos
  79 orcs
  7 bats
  9 giant cockroaches
  15 goblins
  7 hobgoblins
  11 jackals
  4 quokkas
  3 frilled lizards
  A goblin zombie (D:7)
  32 kobolds
  9 kobold skeletons (D:8)
  9 kobold zombies (D:8)
  A quokka zombie (D:7)
  6 rats
  A rat zombie (D:7)
454 creatures vanquished.

Vanquished Creatures (others)
  8 bushes (Lair:2)
  12 fungi
  28 plants
  4 toadstools (D:1)
52 creatures vanquished.

Grand Total: 506 creatures vanquished

Notes
Turn   | Place    | Note
-------+----------+-------------------------------------------
     0 | D:1      | 112233 the Octopode Earth Elementalist began the quest for
                  | the Orb.
     0 | D:1      | Reached XP level 1. HP: 11/11 MP: 3/3
   184 | D:1      | Reached XP level 2. HP: 10/17 MP: 0/5
   676 | D:1      | Reached XP level 3. HP: 20/21 MP: 3/6
  1301 | D:1      | Learned a level 3 spell: Stone Arrow
  1304 | D:1      | Learned a level 2 spell: Passwall
  1393 | D:2      | Reached XP level 4. HP: 21/27 MP: 2/8
  1714 | D:2      | Noticed Jessica
  1718 | D:2      | Noticed Terence
  1721 | D:2      | Killed Jessica
  1728 | D:2      | Killed Terence
  1729 | D:2      | Reached skill level 4 in Earth Magic
  1729 | D:2      | Reached XP level 5. HP: 13/31 MP: 2/9
  1953 | D:2      | Noticed Natasha
  2023 | D:2      | Killed Natasha
  2349 | D:2      | Noticed Robin
  2882 | D:3      | Reached skill level 1 in Fighting
  2959 | D:4      | Noticed an ogre
  2964 | D:4      | Killed an ogre
  2965 | D:4      | Reached XP level 6. HP: 38/38 MP: 11/11
  3323 | D:4      | Noticed Menkaure
  3329 | D:4      | Killed Menkaure
  3330 | D:4      | Reached skill level 5 in Earth Magic
  3652 | D:4      | Reached XP level 7. HP: 44/44 MP: 12/12
  3701 | D:4      | Found Duepor's Antique Armour Boutique.
  3754 | D:4      | Noticed Blork the orc
  3764 | D:5      | Entered Level 5 of the Dungeon
  4401 | D:5      | Reached skill level 6 in Earth Magic
  4851 | D:5      | Found a runed translucent door.
  4852 | D:5      | Noticed Crazy Yiuf
  4960 | D:5      | Found a shimmering blue altar of Sif Muna.
  5030 | D:5      | Learned a level 5 spell: Lee's Rapid Deconstruction
  5065 | D:6      | Got an ichor-stained long sword
  5070 | D:6      | Reached XP level 8. HP: 49/52 MP: 3/14
  5585 | D:6      | Reached skill level 5 in Dodging
  5876 | D:6      | Reached skill level 7 in Earth Magic
  6151 | D:5      | Noticed Pikel
  6350 | D:4      | Killed Blork the orc
  6541 | D:2      | Noticed Natasha
  6544 | D:2      | Killed Natasha
  6545 | D:2      | Reached skill level 5 in Spellcasting
  6613 | D:2      | Noticed Natasha
  6615 | D:2      | Killed Natasha
  6886 | D:2      | Killed Robin
  7338 | D:4      | Killed Pikel
  7339 | D:4      | Reached skill level 8 in Earth Magic
  7339 | D:4      | Reached XP level 9. HP: 28/59 MP: 1/17
  8011 | D:5      | Found a sparkling altar of Nemelex Xobeh.
  8546 | D:6      | Got a smoking rapier
  9587 | D:7      | Identified the +1 long sword of the Shouting Wolf
                  | {antimagic, Fragile rPois rF+++ Str+4} (You found it on
                  | level 6 of the Dungeon)
  9588 | D:7      | Identified the +4 rapier "Dilepl Coni" {venom, *Drain Str+5
                  | Int+7} (You found it on level 6 of the Dungeon)
  9617 | D:7      | Reached skill level 5 in Fighting
 10215 | D:7      | Reached skill level 9 in Earth Magic
 10364 | D:7      | Learned a level 4 spell: Petrify
 10424 | D:7      | Noticed Harold
 10440 | D:7      | Killed Harold
 10441 | D:7      | Reached XP level 10. HP: 37/68 MP: 2/19
 11013 | D:7      | Found a staircase to the Ecumenical Temple.
 11146 | Temple   | Entered the Ecumenical Temple
 11158 | Temple   | Became a worshipper of Gozag Ym Sagoz the Greedy
 11831 | D:8      | Found an ancient bone altar of Kikubaaqudgha.
 11831 | D:8      | Noticed a kobold demonologist
 11846 | D:8      | Noticed a sun demon
 12010 | D:8      | Reached skill level 10 in Earth Magic
 12234 | D:8      | Noticed a smoke demon
 12236 | D:8      | Killed a kobold demonologist
 12693 | D:9      | Noticed Grum
 12700 | D:10     | Entered Level 10 of the Dungeon
 13380 | D:9      | Killed Grum
 14294 | D:9      | Reached XP level 11. HP: 72/74 MP: 11/21
 14752 | D:8      | Noticed Erica
 14766 | D:8      | Killed Erica
 15201 | D:8      | Found Kuiny's Book Boutique.
 15218 | D:8      | Reached skill level 11 in Earth Magic
 15649 | D:8      | Found a staircase to the Lair.
 16216 | D:10     | Found a roughly hewn altar of Beogh.
 16216 | D:10     | Noticed an orc knight
 16219 | D:10     | Killed an orc knight
 16220 | D:10     | Found a staircase to the Orcish Mines.
 17183 | D:10     | Learned a level 2 spell: Blink
 17592 | Orc:1    | Entered Level 1 of the Orcish Mines
 17592 | Orc:1    | Noticed a two-headed ogre
 17596 | Orc:1    | Killed a two-headed ogre
 17692 | Orc:1    | Found a radiant altar of Vehumet.
 17769 | Orc:2    | Entered Level 2 of the Orcish Mines
 17804 | Orc:2    | Noticed jeanjacques's ghost (journeyman DDFi)
 17909 | Orc:2    | Noticed an ettin
 17910 | Orc:2    | Found a runed translucent gate.
 17910 | Orc:2    | Found a runed translucent gate.
 17910 | Orc:2    | Noticed an orc sorcerer
 17912 | Orc:2    | Noticed an orc knight
 17929 | Orc:2    | Found a runed translucent gate.
 17936 | Orc:2    | Found a staircase to the Elven Halls.
 18299 | Orc:2    | Noticed an orc high priest
 18304 | Orc:2    | Killed an orc high priest
 18320 | Orc:2    | Noticed an orc high priest
 18326 | Orc:2    | Killed an orc high priest
 18327 | Orc:2    | Reached skill level 12 in Earth Magic
 18510 | Orc:2    | Noticed an orc high priest
 18520 | Orc:2    | Killed an orc high priest
 18521 | Orc:2    | Reached XP level 12. HP: 83/83 MP: 8/24
 18524 | Orc:2    | Noticed an orc high priest
 18543 | Orc:2    | Killed an orc high priest
 18903 | Orc:2    | Noticed an orc high priest
 18910 | Orc:2    | Killed an orc high priest
 19100 | Orc:2    | Found a roughly hewn altar of Beogh.
 19159 | Orc:2    | Noticed an orc high priest
 19165 | Orc:2    | Killed an orc high priest
 19166 | Orc:2    | Noticed an orc high priest
 19171 | Orc:2    | Killed an orc high priest
 19323 | Orc:2    | Noticed an orc high priest
 19334 | Orc:2    | Killed an orc high priest
 19952 | Orc:2    | Found Topruol's Book Shop.
 19952 | Orc:2    | Found Voricoc's Book Shoppe.
 19957 | Orc:2    | Bought a book of Transfigurations for 660 gold pieces
 19964 | Orc:2    | Learned a level 6 spell: Statue Form
 20032 | Orc:2    | Found Hitetemn's Assorted Antiques.
 20032 | Orc:2    | Found Jiepn's Distillery.
 20037 | Orc:2    | Bought a coppery potion for 25 gold pieces
 20037 | Orc:2    | Bought a scroll labelled HAGEGUNEUF for 28 gold pieces
 20037 | Orc:2    | Bought a potion of heal wounds for 140 gold pieces
 20046 | Orc:2    | Bought a potion of heal wounds for 50 gold pieces
 20046 | Orc:2    | Bought 2 potions of curing for 60 gold pieces
 20046 | Orc:2    | Bought a potion of curing for 30 gold pieces
 20046 | Orc:2    | Bought a potion of magic for 80 gold pieces
 20046 | Orc:2    | Bought a potion of resistance for 100 gold pieces
 20046 | Orc:2    | Bought a potion of brilliance for 40 gold pieces
 20912 | Lair:1   | Entered Level 1 of the Lair of Beasts
 22567 | Lair:1   | Got a transparent trident
 23865 | Lair:2   | Noticed an eight-headed hydra
 24084 | Lair:2   | Reached XP level 13. HP: 90/90 MP: 17/26
 24186 | Lair:3   | Reached skill level 10 in Dodging
 24264 | Lair:3   | Noticed Rupert
 24343 | Lair:2   | Reached skill level 5 in Transmutations
 24564 | Lair:2   | Slain by a komodo dragon

Illustrated notes

Levels and vault maps discovered:
D:1:      ldierk_walled_garden_2, layout_loops_ring
D:2:      layout_loops_ring, uniq_jessica, uniq_terence, uniq_robin,
          uniq_natasha
D:3:      layout_loops_ring, corexii_hall_statues_s
D:4:      layout_loops_corners, serial_shops, shop, uniq_blork_the_orc,
          uniq_menkaure
D:5:      kennysheep_big_flooded_room, layout_basic,
          nemelex_xobeh_ov_fountains_minmay, led_sif_pool,
          uniq_crazy_yiuf_cottage, uniq_pikel
D:6:      cheibrodos_quashed, layout_basic
D:7:      nicolae_whirlpool, layout_rooms, minmay_temple_entry_fiery,
          enter_ossuary_4, uniq_harold
D:8:      wander_kiku_kobolds, layout_gridville, david_lair_shrubbed,
          serial_shops, shop, uniq_erica
D:9:      layout_roguey, serial_rivers, chequers_serial_rivers_marsh,
          chequers_serial_rivers_large_a, chequers_serial_rivers_room_b,
          chequers_serial_rivers_micro_b, chequers_serial_rivers_small_a,
          minmay_fountain_box, uniq_grum
D:10:     layout_loops_ring, david_orc_5, grunt_ministairs_9,
          amcnicky_mini_pool_small, kennysheep_potato
D:11:     layout_loops_ring, serial_shops, kennysheep_little_box
Temple:   dpeg_three_leaves_temple
Lair:1:   layout_cave_pods, disabler_island, grunt_megastairs_1
Lair:2:   layout_regular_city, minmay_swamp_entry_reptiles,
          minmay_lair_oklob_bushes
Lair:3:   layout_hall_layers, minivault_29, uniq_nergalle, uniq_rupert
Orc:1:    layout_diamond_mine, basic_altar
Orc:2:    st_orc_town, layout_caves, gammafunk_ghost_split

Skill      XL: |  1  2  3  4  5  6  7  8  9 10 11 12 13 |
---------------+----------------------------------------+-----
Dodging        | 3 4 5 6 7 9 10 | 10.1
Spellcasting   | 3 4 5 6 7 8 9 |  9.9
Earth Magic    | 4 5 6 8 9 10 12 | 12.7
Fighting       | 1 3 4 5 6 8 9 |  9.4
Transmutations | 4 5 |  5.2
Stealth        | |  2.6

Action                   |  1- 3 |  4- 6 |  7- 9 | 10-12 | 13-15 || total
-------------------------+-------+-------+-------+-------+-------++-------
Melee: Unarmed           |     9 |       |       |       |       ||     9
       Constrict         |    11 |    10 |     6 |    46 |       ||    73
       Tentacles         |     7 |     6 |     3 |    39 |     2 ||    57
       Club              |     3 |       |       |       |       ||     3
       Dagger            |    24 |    44 |    27 |       |       ||    95
       Rapier            |       |       |     2 |   144 |     4 ||   150
 Cast: Sandblast         |    32 |    25 |    83 |   151 |     9 ||   300
       Stone Arrow       |       |     1 |    86 |   275 |    16 ||   378
       Lee's Rapid Decon |       |       |       |     8 |     2 ||    10
Invok: Potion Petition   |       |       |       |     1 |       ||     1
Evoke: Wand              |       |       |     4 |     9 |       ||    13
  Use: Scroll            |       |     2 |     8 |     5 |       ||    15
       Potion            |       |       |     3 |     2 |       ||     5
 Stab: Sleeping          |     1 |    10 |     3 |     2 |       ||    16
       Distracted        |       |       |       |     3 |       ||     3
       Paralysed         |       |       |       |     4 |       ||     4
Armor: Skin              |     2 |       |    10 |    11 |       ||    23
Dodge: Dodged            |    33 |    25 |    41 |   254 |     7 ||   360
Block: Other             |       |     2 |    18 |    76 |     2 ||    98
       Reflection        |       |       |     6 |     3 |       ||     9
